 Dungeon Crawl Stone Soup version 0.29.1-2-gbd0b4ee654 (webtiles) character file.

Game seed: 11325950316530136726

350 qeuew the Conjurer (level 6, 0/35 HPs)
             Began as a Tengu Conjurer on Nov 5, 2022.
             Slain by a black bear (1 damage)
             ... on level 4 of the Dungeon.
             The game lasted 00:07:07 (4621 turns).

qeuew the Conjurer (Tengu Conjurer)                 Turns: 4621, Time: 00:07:09

Health: 0/35       AC:  5    Str:  7    XL:     6   Next: 61%
Magic:  4/11       EV: 14    Int: 19    God:
Gold:   157        SH:  0    Dex: 14    Spells: 5/11 levels left

rFire   . . .      SeeInvis .   i - +0 dagger (vorpal)
rCold   + . .      Faith    .   (no shield)
rNeg    . . .      Spirit   .   l - +0 leather armour
rPois   .          Reflect  .   (helmet restricted)
rElec   .          Harm     .   f - +0 cloak
rCorr   .          Rampage  .   a - +0 pair of gloves
Will    .....                   (boots unavailable)
Stlth   ++........              (no amulet)
HPRegen 0.11/turn               k - ring of wizardry
MPRegen 0.12/turn               (no ring)

@: flying quickly and evasively, quick
A: beak, talons 3, nimble flight, cold resistance 1
a: no special abilities


You were on level 4 of the Dungeon.
You visited 1 branch of the dungeon, and saw 4 of its levels.

You collected 157 gold pieces.

Inventory:

Hand Weapons
 i - a +0 vorpal dagger (weapon)
Armour
 a - a +0 pair of gloves (worn)
 f - a +0 cloak (worn)
 l - a +0 leather armour (worn)
Jewellery
 k - a ring of wizardry (left hand)
Wands
 d - a wand of flame (19)
 j - a wand of roots (5)
Scrolls
 c - 2 scrolls of blinking {unknown}
 e - a scroll of magic mapping
Potions
 b - 2 potions of magic
 h - a potion of haste
 m - a potion of might {unknown}


   Skills:
 * Level 2.0 Fighting
 - Level 1.3(1.7) Short Blades
 * Level 1.3(1.7) Long Blades
 * Level 2.1 Armour
 * Level 3.3 Dodging
 - Level 2.0 Stealth
 + Level 3.2 Spellcasting
 + Level 6.8 Conjurations
 * Level 0.7 Hexes


You had 5 spell levels left.
You knew the following spells:

 Your Spells              Type           Power      Damage    Failure   Level
a - Magic Dart            Conj           100%       1d8       1%          1
b - Searing Ray           Conj           58%        2d6       1%          2
c - Dazzling Flash        Conj/Hex       34%        N/A       6%          3

Your spell library contained the following spells:

 Spells                   Type           Power      Damage    Failure   Level
 Fulminant Prism          Conj/Hex       8%         3d7       17%         4
 Iskenderun's Mystic Bla  Conj/Tloc      16%        2d5       21%         4


Dungeon Overview and Level Annotations

Branches:
Dungeon (4/15)
 Temple: D:4-7

Altars:
The Shining One

Shops:
D:2 =


Innate Abilities, Weirdness & Mutations

You have a beak for a mouth.
You have claws for feet.
Your magical nature lets you fly swiftly and evasively.
Your flesh is cold resistant. (rC+)


Message History

The black bear is heavily wounded.
The black bear bites you but does no damage.
The black bear claws you but does no damage.
The black bear closely misses you.
The magic dart hits the black bear but does no damage.
The black bear is heavily wounded.
The black bear misses you. The black bear claws you.
The black bear claws you but does no damage.
The magic dart hits the black bear.
The black bear is severely wounded.
The black bear bites you.
The black bear claws you but does no damage.
The black bear claws you.
You are too injured to fight recklessly!
You are too injured to fight recklessly!
You are too injured to fight recklessly!
You are too injured to fight recklessly!
You hit the black bear but do no damage.
You claw the black bear, but do no damage.
The black bear is severely wounded.
The black bear bites you. The black bear misses you.
The black bear closely misses you.
You barely miss the black bear. Your kick misses the black bear.
The black bear is severely wounded.
You barely miss the black bear. You claw the black bear.
The black bear is almost dead.
The black bear bites you.
* * * LOW HITPOINT WARNING * * *
The black bear claws you but does no damage. x2
You hit the black bear. You peck the black bear.
The black bear is almost dead.
The black bear goes berserk!
You barely miss the black bear. Your kick misses the black bear.
The black bear is almost dead.
The black bear bites you.
* * * LOW HITPOINT WARNING * * *
The black bear claws you.
* * * LOW HITPOINT WARNING * * *
The black bear claws you.
You die...

##..........##
#####....##
#..........## ###...#
##.........)# ###..
#..........## ##.
#..........# ##
#......))..# #
###....)...##
####......###########
##........@h......
##...............
###......####...
#....### . #.....###
##........ #<........
##...###### #...##


You could see a black bear (berserk).

Vanquished Creatures
  An ice beast (D:4)
  A necrophage (D:4)
  Jessica (D:2)
  2 orc wizards (D:4)
  Robin (D:2)
  An adder (D:2)
  A white imp (D:4)
  4 worms
  2 dart slugs (D:3)
  5 orcs
  6 endoplasms
  5 giant cockroaches
  17 goblins
  7 hobgoblins
  6 jackals
  3 kobolds
  A quokka (D:2)
  5 ball pythons
  5 bats
  3 frilled lizards
  4 rats
81 creatures vanquished.

Notes
Turn   | Place    | Note
-------+----------+-------------------------------------------
     0 | D:1      | qeuew the Tengu Conjurer began the quest for the Orb.
     0 | D:1      | Reached XP level 1. HP: 10/10 MP: 4/4
   129 | D:1      | Reached XP level 2. HP: 15/15 MP: 1/6
   565 | D:1      | Reached XP level 3. HP: 20/20 MP: 0/7
   988 | D:1      | Reached skill level 1 in Fighting
  1207 | D:2      | Noticed Robin
  1218 | D:1      | Learned a level 2 spell: Searing Ray
  1415 | D:2      | Reached skill level 6 in Conjurations
  1506 | D:2      | Killed Robin
  1507 | D:2      | Reached XP level 4. HP: 18/25 MP: 1/8
  1509 | D:2      | Reached skill level 1 in Armour
  2273 | D:2      | Found a glowing golden altar of the Shining One.
  2277 | D:2      | Found Ijo Keru's Jewellery Boutique.
  2413 | D:2      | Noticed Jessica
  2420 | D:2      | Killed Jessica
  2421 | D:2      | Reached skill level 1 in Short Blades
  2507 | D:2      | Gained mutation: Your magical nature lets you fly swiftly
                  | and evasively. [Tengu growth]
  2507 | D:2      | Reached XP level 5. HP: 29/29 MP: 8/10
  2535 | D:2      | Gained mutation: Your flesh is cold resistant. (rC+)
                  | [potion of mutation]
  3512 | D:3      | Learned a level 3 spell: Dazzling Flash
  4216 | D:4      | Noticed an ice beast
  4222 | D:4      | Killed an ice beast
  4223 | D:4      | Reached skill level 1 in Long Blades
  4223 | D:4      | Reached XP level 6. HP: 28/35 MP: 1/11
  4605 | D:4      | Noticed a black bear
  4621 | D:4      | HP: 1/35 [black bear (5)]
  4621 | D:4      | Slain by a black bear

Illustrated notes

Levels and vault maps discovered:
D:1:      sevenhm_arrival_forest_fort_large_2, layout_basic, chequers_garden
D:2:      layout_loops_cross, serial_shops, shop, basic_altar,
          kennysheep_small_spiral, minivault_26, minmay_misc_feat_roman,
          uniq_jessica, uniq_robin
D:3:      layout_basic
D:4:      layout_layer_cave

Skill      XL: |  1  2  3  4  5  6 |
---------------+-------------------+-----
Fighting       | 1 2 |  2.0
Conjurations   | 6 |  6.8
Armour         | 1 2 |  2.1
Short Blades   | 1 |  1.3
Dodging        | 3 |  3.3
Long Blades    | 1 |  1.3
Spellcasting   | 3 |  3.2
Stealth        | |  2.0
Hexes          | |  0.7

Action                   |  1- 3 |  4- 6 || total
-------------------------+-------+-------++-------
Melee: Unarmed           |     5 |       ||     5
       Kick              |     5 |    10 ||    15
       Dagger            |     9 |    34 ||    43
       Peck              |     2 |     4 ||     6
 Cast: Magic Dart        |    71 |   101 ||   172
  Use: Scroll            |     5 |     5 ||    10
       Potion            |     1 |     9 ||    10
Armor: Robe              |     4 |     3 ||     7
       Leather armour    |       |     9 ||     9
Dodge: Dodged            |    10 |    35 ||    45
